 Dungeon Crawl Stone Soup version 0.29.1-12-g30fa7ad0bf (webtiles) character file.

Game seed: 14188505905406000202

456 Radix the Trooper (level 6, 0/57 HPs)
             Began as a Minotaur Berserker on Jan 12, 2023.
             Was a Believer of Trog.
             Killed by divine providence
             ... invoked by an orc priest
              (14 damage)
             ... on level 4 of the Dungeon.
             The game lasted 00:08:06 (2452 turns).

Radix the Trooper (Minotaur Berserker)              Turns: 2452, Time: 00:08:06

Health: 0/57       AC: 12    Str: 23    XL:     6   Next: 77%
Magic:  5/5        EV:  7    Int:  4    God:    Trog [**....]
Gold:   193        SH:  5    Dex: 16    Spells: 5/5 levels left

rFire   . . .      SeeInvis .   a - +0 hand axe
rCold   . . .      Faith    .   (no shield)
rNeg    . . .      Spirit   .   o - +0 plate armour
rPois   .          Reflect  +   (helmet restricted)
rElec   .          Harm     .   (no cloak)
rCorr   .          Rampage  .   (no gloves)
Will    .....                   (no boots)
Stlth   ..........              s - amulet of reflection
HPRegen 0.19/turn               u - +6 ring of dexterity
MPRegen 0.09/turn               (no ring)

@: no status effects
A: horns 2, retaliatory headbutt
a: Renounce Religion, Berserk, Trog's Hand


You were on level 4 of the Dungeon.
You worshipped Trog.
Trog was pleased with you.
You visited 1 branch of the dungeon, and saw 4 of its levels.

You collected 193 gold pieces.

Inventory:

Hand Weapons
 a - a +0 hand axe (weapon)
Missiles
 g - 3 javelins (quivered)
Armour
 o - a +0 plate armour (worn)
Jewellery
 s - an amulet of reflection (around neck)
 t - a ring of magical power
 u - a +6 ring of dexterity (left hand)
Scrolls
 d - 3 scrolls of fear {unknown}
 h - 2 scrolls of blinking {unknown}
 n - 2 scrolls of identify {unknown}
 p - 2 scrolls of teleportation {unknown}
 q - 2 scrolls of noise {unknown}
 v - a scroll of enchant weapon {unknown}
Potions
 b - a potion of magic {unknown}
 c - a potion of resistance {unknown}
 e - a potion of attraction {unknown}
 f - 3 potions of mutation {unknown}
 i - a potion of might {unknown}
 j - 5 potions of heal wounds {unknown}
 k - 2 potions of brilliance {unknown}
 l - 5 potions of flight {unknown}
 m - a potion of degeneration {unknown}
 r - 3 potions of ambrosia {unknown}


   Skills:
 + Level 6.3 Fighting
 + Level 6.3 Axes
 + Level 5.0 Armour
 - Level 2.1 Dodging


You had 5 spell levels left.
You didn't know any spells.
Your spell library was empty.

Dungeon Overview and Level Annotations

Branches:
Dungeon (4/15)
 Temple: D:4-7

Altars:
Makhleb
Yredelemnul


Innate Abilities, Weirdness & Mutations

You have a pair of horns on your head.
You reflexively headbutt those who attack you in melee.


Message History

You hit the adder.
The adder is moderately wounded.
You hit the orc priest. The adder bites you but does no damage.
The orc priest looks satisfied for a moment.
You block the adder's attack.
You closely miss the adder.
The adder is moderately wounded.
You closely miss the orc priest.
The orc priest hits you but does no damage.
You block the adder's attack.
You hit the adder.
The adder is severely wounded.
You hit the orc priest. The adder bites you but does no damage.
The orc priest barely misses you.
You slash the adder!
You kill the adder!
Trog accepts your kill.
You barely miss the orc priest. You block the orc priest's attack.
Your Armour skill increases to level 5!
The orc priest mumbles some strange prayers to Beogh against you.
Pain shoots through your body!
The orc priest mumbles some strange prayers to Beogh against you.
You barely resist. You block the orc priest's attack.
The orc priest mumbles some strange prayers to Beogh against you.
Beogh smites you!
You hit the orc priest but do no damage.
Your headbutt misses the orc priest.
The orc priest is heavily wounded.
The orc priest barely misses you.
You closely miss the orc priest.
The orc priest is heavily wounded.
The orc priest invokes the aid of Beogh against you.
Beogh smites you!
* * * LOW HITPOINT WARNING * * *
You hit the orc priest.
The orc priest is severely wounded.
The orc priest mumbles some strange prayers to Beogh against you.
Beogh smites you!
You die...

###
...#############
................
..............#
..............#
..............#
..............###
........@.......#
........o.......#
................#
...######)).....#
## #.......#
#.......#
#.......#
#.......#
#...)...#


You could see an orc priest.

Vanquished Creatures
  The ghost of DocClef the Shield-Bearer, a novice GnFi (D:4)
  An orc priest (D:4)
  Terence (D:3)
  3 adders
  A worm (D:3)
  2 orcs (D:4)
  5 endoplasms
  3 giant cockroaches
  7 goblins
  4 hobgoblins
  4 jackals (D:3)
  3 quokkas
  7 ball pythons
  3 bats
  2 frilled lizards
  5 kobolds
  7 rats
59 creatures vanquished.

Notes
Turn   | Place    | Note
-------+----------+-------------------------------------------
     0 | D:1      | Radix the Minotaur Berserker began the quest for the Orb.
     0 | D:1      | Reached XP level 1. HP: 19/19 MP: 0/0
   250 | D:1      | Reached XP level 2. HP: 22/27 MP: 1/1
   951 | D:2      | Reached ** piety under Trog
  1158 | D:2      | Reached XP level 3. HP: 34/34 MP: 2/2
  1281 | D:2      | Found a basalt altar of Yredelemnul.
  1660 | D:3      | Noticed Terence
  1666 | D:3      | Killed Terence
  1667 | D:3      | Reached XP level 4. HP: 41/41 MP: 3/3
  1947 | D:3      | Found a faded altar of an unknown god.
  2002 | D:3      | Found a burning altar of Makhleb.
  2150 | D:4      | Found a runed translucent door.
  2157 | D:4      | Noticed DocClef's ghost (novice GnFi)
  2164 | D:4      | Reached skill level 5 in Fighting
  2164 | D:4      | Reached skill level 5 in Axes
  2178 | D:4      | Killed DocClef's ghost
  2179 | D:4      | Reached XP level 5. HP: 10/50 MP: 4/4
  2179 | D:4      | Reached XP level 6. HP: 11/57 MP: 5/5
  2446 | D:4      | Reached skill level 5 in Armour
  2452 | D:4      | Killed from afar by an orc priest

Illustrated notes

Levels and vault maps discovered:
D:1:      tarquinn_simple_flora_water_e, layout_rooms, kennysheep_flooded_box
D:2:      layout_basic, basic_altar
D:3:      layout_basic, lightli_temple_of_fire,
          chequers_ecumenical_altar_simple_redux, hangedman_decor_push,
          uniq_terence
D:4:      layout_basic, ebering_ghost_sewer_d, minmay_ogre_servants

Skill      XL: |  1  2  3  4  5  6 |
---------------+-------------------+-----
Fighting       | 4 6 |  6.3
Axes           | 4 6 |  6.3
Armour         | 3 4 5 |  5.0
Dodging        | |  2.1

Action                   |  1- 3 |  4- 6 || total
-------------------------+-------+-------++-------
Melee: Hand axe          |    65 |    48 ||   113
       Headbutt          |    11 |    11 ||    22
Invok: Berserk           |     1 |     1 ||     2
       Trog's Hand       |     1 |     1 ||     2
Armor: Animal skin       |     5 |       ||     5
       Leather armour    |    13 |       ||    13
       Plate armour      |    14 |    19 ||    33
Dodge: Dodged            |    42 |    11 ||    53
Block: Other             |       |    11 ||    11
